 Dungeon Crawl Stone Soup version 0.28.0-47-ge53b351184 (webtiles) character file.

Game seed: 14030997055279008766

1755 Icepheonix32 the Chiller (level 8, -4/44 (52) HPs)
             Began as a Demonspawn Ice Elementalist on May 4, 2022.
             Slain by a wight
             ... wielding a +4 dagger
              (5 damage)
             ... on level 6 of the Dungeon.
             The game lasted 00:11:09 (6759 turns).

Icepheonix32 the Chiller (DsIE)                     Turns: 6759, Time: 00:11:09

HP:   -4/44 (52)    AC: 15    Str:  8    XL:     8   Next: 78%
MP:   18/18         EV: 11    Int: 25    God:
Gold: 182           SH:  0    Dex: 14    Spells: 11/21 levels left

rFire   . . .      SeeInvis .   D - +2 dagger (protect)
rCold   . . .      Faith    .   (no shield)
rNeg    + . .      Spirit   .   g - +2 leather armour {rN+}
rPois   .          Reflect  .   G - +0 helmet
rElec   .          Harm     .   (no cloak)
rCorr   .          Rampage  .   (no gloves)
Will    .....                   (no boots)
Stlth   ++........              v - amulet of regeneration
HPRegen 0.94/turn               d - +6 ring of intelligence
MPRegen 0.16/turn               x - ring of flight

@: under a protective aura, flying, heavily drained
A: foul stench 1, sharp scales 2, demonic magic 2, weakness stinger 1
a: no special abilities


You were on level 6 of the Dungeon.
You visited 1 branch of the dungeon, and saw 6 of its levels.
You also visited: Sewer.

You collected 239 gold pieces.
You spent 57 gold pieces at shops.

Inventory:

Hand Weapons
 k - a +3 dagger
 l - a +0 dagger of electrocution
 D - a +2 dagger of protection (weapon)
 J - a +4 short sword of venom
Missiles
 f - 6 atropa-tipped darts
 E - 3 boomerangs
Armour
 a - a +0 robe
 c - a +0 helmet
 g - a +2 leather armour of positive energy (worn)
 G - a +0 helmet (worn)
Jewellery
 d - a +6 ring of intelligence (left hand)
 v - an amulet of regeneration (around neck)
 x - a ring of flight (right hand)
 y - a ring of resist corrosion
 C - a +6 ring of dexterity
Wands
 b - a wand of mindburst (10)
 h - a wand of acid (4)
 H - a wand of flame (27)
Scrolls
 e - a scroll of summoning {unknown}
 i - a scroll of torment
 o - a scroll of vulnerability {unknown}
 p - 3 scrolls of teleportation {unknown}
 q - 2 scrolls of blinking {unknown}
 w - a scroll of fog
 A - a scroll of magic mapping {unknown}
 B - a scroll of amnesia
Potions
 j - 2 potions of magic
 m - 4 potions of flight
 r - 2 potions of haste
 s - 2 potions of cancellation {unknown}
 t - 2 potions of mutation
 u - 2 potions of might {unknown}
 z - a potion of heal wounds
 F - a potion of curing
 I - a potion of brilliance {unknown}
 K - a potion of resistance {unknown}


   Skills:
 - Level 1.7 Dodging
 - Level 1.7 Stealth
 + Level 7.0 Spellcasting
 * Level 4.3 Hexes
 + Level 7.6 Ice Magic


You had 11 spell levels left.
You knew the following spells:

 Your Spells              Type           Power      Damage    Failure   Level
a - Freeze                Ice            100%       1d11      1%          1
b - Ozocubu's Armour      Ice            47%        N/A       1%          3
c - Frozen Ramparts       Ice            94%        1d11      1%          3
d - Tukima's Dance        Hex            30%        N/A       4%          3

Your spell library contained the following spells:

 Spells                   Type           Power      Damage    Failure   Level
 Sandblast                Erth           16%        2d6       10%         1
 Portal Projectile        Hex/Tloc       38%        N/A       12%         3
 Blink                    Tloc           16%        N/A       14%         2
 Passwall                 Tmut/Erth      6%         N/A       14%         2
 Hailstorm                Conj/Ice       27%        3d7       21%         4
 Call Canine Familiar     Summ           8%         N/A       28%         3
 Lesser Beckoning         Tloc           8%         N/A       28%         3
 Stone Arrow              Conj/Erth      16%        3d8       28%         3
 Anguish                  Hex/Necr       9%         N/A       36%         4
 Leda's Liquefaction      Hex/Erth       9%         N/A       36%         4
 Fireball                 Conj/Fire      4%         3d4       95%         5
 Iskenderun's Battlesphe  Conj           8%         2d6       95%         5
 Manifold Assault         Tloc           8%         N/A       95%         5
 Conjure Ball Lightning   Conj/Air       4%         3x3d6     100%        6
 Enfeeble                 Hex            15%        N/A       100%        7
 Orb of Destruction       Conj           4%         9d5       100%        7


Dungeon Overview and Level Annotations

Branches:
Dungeon (6/15)              Sewer (visited)
 Temple: D:4-7

Altars:
Ru
Sif Muna
Xom
Yredelemnul

Shops:
D:4 **

Annotations:
D:6 2 transporters


Innate Abilities, Weirdness & Mutations

You may rarely emit foul miasma when damaged in melee.
You are mostly covered in razor-sharp scales. (AC +2, Slay +2)
Spells you cast may paralyse nearby enemies.
You have a small tail.


Message History

You partially resist.
You feel drained.
You hit the wight.
The wight is severely damaged.
The wight hits you but does no damage. The wight closely misses you.
The wight hits you with a +0 long sword.
You partially resist.
You feel drained.
You hit the wight.
Your tail-slap misses the wight.
The wight is almost destroyed.
The wight hits you with a +4 dagger. You partially resist.
You feel drained. The wight barely misses you. The wight closely misses you.
You are too injured to fight recklessly!
You are too injured to fight recklessly!
You are too injured to fight recklessly!
You are too injured to fight recklessly!
You are too injured to fight recklessly!
You are too injured to fight recklessly!
You are too injured to fight recklessly!
Unknown command.
The wight barely misses you.
The wight hits you with a +6 great sword.
You partially resist.
You feel drained.
There is an escape hatch in the ceiling here.
You hit the wight.
Your weapon exudes an aura of protection.
You tail-slap the wight.
The wight is almost destroyed.
The wight hits you with a +0 long sword.
You partially resist.
You feel drained. The wight barely misses you.
Unknown command.
You hit the wight but do no damage.
The wight is almost destroyed.
The wight hits you with a +6 great sword!
* * * LOW HITPOINT WARNING * * *
You partially resist.
You feel drained. The wight barely misses you. The wight closely misses you.
Unknown command.
The wight hits you with a +6 great sword!
* * * LOW HITPOINT WARNING * * *
The wight closely misses you. The wight hits you with a +4 dagger.
You die...

##########
#######
##........#
##.....###
##..........
##........###
#...........
............##
##...?.......
.............##
#............
..............#
#.<..........
...........zz.#
##...........
...........z@.##
#...........
...............#
##..........
#..............#
#..........
#..............#
####.......
##.............##
#####...
#..............#
##...#
#..............#
##...##
..........>.#
##...##
...........#
###...##


You could see 3 wights.

Vanquished Creatures
  Pikel (D:6)
  A black bear (D:4)
  2 sky beasts (D:5)
  A lemure (D:6)
  2 phantoms
  3 scorpions
  4 wights (D:6)
  A centaur zombie (D:5)
  A hound (D:5)
  An orc priest (D:6)
  2 iguanas (D:5)
  2 orc wizards
  2 hound zombies (D:3)
  A hound skeleton (D:4)
  A howler monkey zombie (D:6)
  Robin (D:4)
  2 gnolls
  6 adders
  4 river rats (Sewer)
  2 shadow imps
  A white imp (D:6)
  An ufetubus (D:3)
  An adder zombie (D:3)
  A dart slug (D:1)
  2 worms
  13 orcs
  9 bats
  8 endoplasms
  4 giant cockroaches
  17 goblins
  11 hobgoblins
  5 jackals (Sewer)
  8 kobolds
  4 quokkas
  16 ball pythons
  9 frilled lizards
  18 rats
168 creatures vanquished.

Vanquished Creatures (others)
  2 plants (D:1)
2 creatures vanquished.

Grand Total: 170 creatures vanquished

Notes
Turn   | Place    | Note
-------+----------+-------------------------------------------
     0 | D:1      | Icepheonix32 the Demonspawn Ice Elementalist began the
                  | quest for the Orb.
     0 | D:1      | Reached XP level 1. HP: 13/13 MP: 3/3
   194 | D:1      | Gained mutation: You may rarely emit foul miasma when
                  | damaged in melee. [demonic ancestry]
   194 | D:1      | Reached XP level 2. HP: 4/19 MP: 1/5
   752 | D:1      | Gained mutation: Spells you cast may paralyse adjacent
                  | enemies. [demonic ancestry]
   752 | D:1      | Reached XP level 3. HP: 15/24 MP: 2/6
   756 | D:1      | Learned a level 3 spell: Ozocubu's Armour
   760 | D:1      | Learned a level 3 spell: Frozen Ramparts
  2163 | D:2      | Found a faded altar of an unknown god.
  2176 | D:2      | Gained mutation: You have a small tail. [demonic ancestry]
  2176 | D:2      | Reached XP level 4. HP: 25/30 MP: 8/8
  3061 | D:3      | Learned a level 3 spell: Tukima's Dance
  3113 | D:3      | Found a basalt altar of Yredelemnul.
  3200 | D:3      | Gained mutation: You are partially covered in razor-sharp
                  | scales. (AC +1, Slay +1) [demonic ancestry]
  3200 | D:3      | Reached XP level 5. HP: 35/35 MP: 10/10
  3412 | D:4      | Found Upro's Elemental Accessories.
  3456 | D:4      | Noticed a phantom
  3456 | D:4      | Noticed Robin
  3459 | D:4      | Noticed a black bear
  3476 | D:4      | Killed a phantom
  3477 | D:4      | Reached skill level 1 in Hexes
  3477 | D:4      | Reached skill level 5 in Ice Magic
  3479 | D:4      | Found a glowing drain.
  3485 | D:4      | Killed a black bear
  3486 | D:4      | Gained mutation: You are mostly covered in razor-sharp
                  | scales. (AC +2, Slay +2) [demonic ancestry]
  3486 | D:4      | Reached XP level 6. HP: 13/41 MP: 0/12
  3497 | Sewer    | Entered a sewer
  4385 | D:4      | Killed Robin
  4506 | D:4      | Found a sacrificial altar of Ru.
  4575 | D:4      | Found Meich's Assorted Antiques.
  4587 | D:4      | Bought a scroll labelled DIOZAM TUCEUGO for 21 gold pieces
  4587 | D:4      | Bought a coppery potion for 18 gold pieces
  4587 | D:4      | Bought a coppery potion for 18 gold pieces
  4716 | D:5      | Entered Level 5 of the Dungeon
  4735 | D:5      | Reached XP level 7. HP: 46/46 MP: 9/14
  4906 | D:5      | Reached skill level 5 in Spellcasting
  5675 | D:4      | Found a shimmering blue altar of Sif Muna.
  5903 | D:6      | Gained mutation: Spells you cast may paralyse nearby
                  | enemies. [demonic ancestry]
  5903 | D:6      | Reached XP level 8. HP: 26/52 MP: 9/16
  6054 | D:6      | Noticed Pikel
  6076 | D:6      | Killed Pikel
  6233 | D:6      | Noticed a kobold demonologist
  6233 | D:6      | Noticed a kobold demonologist
  6236 | D:6      | Found a transporter.
  6238 | D:6      | Found a transporter.
  6402 | D:6      | Found a shimmering altar of Xom.
  6759 | D:6      | HP: 1/44 [wight/+6 great sword (8)]
  6759 | D:6      | Slain by a wight

Illustrated notes

Levels and vault maps discovered:
D:1:      wander_arrival_desolate, layout_basic, serial_forest,
          infiniplex_forest_clump_large, infiniplex_forest_fountain,
          infiniplex_forest_clump_medium, infiniplex_forest_join,
          infiniplex_forest_corner_1, infiniplex_forest_lined_3_way
D:2:      layout_loops_ring, chequers_ecumenical_altar_simple_redux,
          minmay_rat_gold_closets
D:3:      layout_basic, nicolae_yredelemnul_corpse_copse, minmay_misc_feat_iff,
          minmay_diced_spiral
D:4:      layout_cave_pools, nicolae_overflow_crystal_walls, tgw_sif,
          portal_sewer_entry_b, serial_shops, shop_statue,
          nicolae_elemental_shop, dk_rats_in_the_wall, uniq_robin
D:5:      layout_loops_ring
D:6:      gammafunk_wand_slinger, layout_cave_pods,
          mainiacjoe_overflow_surrounded_room, uniq_pikel

Skill      XL: |  1  2  3  4  5  6  7  8 |
---------------+-------------------------+-----
Ice Magic      | 4 5 6 7 |  7.6
Spellcasting   | 3 4 5 7 |  7.0
Hexes          | 1 2 3 4 |  4.3
Dodging        | |  1.7
Stealth        | |  1.7

Action                   |  1- 3 |  4- 6 |  7- 9 || total
-------------------------+-------+-------+-------++-------
Melee: Dagger            |    13 |   175 |   129 ||   317
       Unarmed           |     3 |       |       ||     3
       Whip              |    67 |    31 |       ||    98
       Tailslap          |       |    26 |    23 ||    49
       Punch             |       |     1 |     1 ||     2
 Cast: Freeze            |    29 |    22 |       ||    51
       Ozocubu's Armour  |     1 |     8 |     8 ||    17
       Frozen Ramparts   |       |     6 |     7 ||    13
  Use: Potion            |     1 |     1 |       ||     2
       Scroll            |       |     5 |     4 ||     9
 Stab: Sleeping          |     9 |     1 |     1 ||    11
       Paralysed         |       |    17 |    12 ||    29
Armor: Robe              |    17 |       |       ||    17
       Leather armour    |    13 |   101 |    43 ||   157
Dodge: Dodged            |    40 |   177 |    68 ||   285
